[Event "AIIZIUCWT 2024"]
[Site "Rajkot"]
[Date "2024.01.23"]
[Round "1.1"]
[White "Anisha Jain"]
[Black "Ghosh Samriddhaa"]
[Result "0-1"]
[ECO "C02"]
[WhiteElo "1140"]
[BlackElo "1872"]
[Annotator "NA RC COMBH"]
[PlyCount "86"]
[EventDate "2024.01.22"]
[EventType "team-tourn"]
[EventCountry "IND"]
[SourceTitle "playchess.com"]
[Source "ChessBase"]
[SourceQuality "1"]
[TimeControl "3600+30"]

1. e4 e6 2. d4 d5 3. e5 c5 4. c3 Nc6 5. Nf3 Qb6 6. Bd3 cxd4 7. cxd4 Bd7 8. Bc2 Nb4 9. O-O Nxc2 10. Qxc2 Rc8 11. Nc3 {[%emt 0:02:37] C02: French: Advance Variation.} Ne7 12. Rd1 Nf5 13. a3 Be7 14. Qd2 h6 15. Qd3 a6 16. h3 O-O 17. Rb1 Bd8 18. Bf4 Be7 19. Qd2 Rfe8 20. Ne2 Qb3 21. Nc3 Bxa3 22. bxa3 Qxc3 23. Qxc3 Rxc3 24. Rxb7 Bb5 25. Ra1 Be2 26. Nd2 Nxd4 27. a4 Rec8 28. Nf1 Bd3 29. Ng3 g5 30. Be3 Nc2 31. Ra2 Bc4 32. Rab2 Nxe3 33. fxe3 Rxe3 34. Nh5 (34. Rf2 {only move.} Rf8 (34... Rxg3 35. Rfxf7 g4 36. Rg7+ Kh8 37. Rh7+ Kg8 38. Rbg7+ Kf8 39. Kh2 $11) 35. Nh5) 34... Rxe5 35. Nf6+ Kg7 36. Ng4 Re1+ 37. Kh2 Kg6 38. Rf2 f5 $19 39. a5 h5 40. Rfb2 hxg4 41. Re7 Bb5 42. hxg4 f4 43. g3 f3 0-1

[Event "AIIZIUCWT 2024"]
[Site "Rajkot"]
[Date "2024.01.23"]
[Round "1.2"]
[White "Chitlange Sakshi"]
[Black "Patel Hiral"]
[Result "1-0"]
[ECO "D46"]
[WhiteElo "2210"]
[BlackElo "1088"]
[Annotator "RC"]
[PlyCount "67"]
[EventDate "2024.01.22"]
[EventType "team-tourn"]
[EventCountry "IND"]
[SourceTitle "playchess.com"]
[Source "ChessBase"]
[SourceQuality "1"]
[TimeControl "3600+30"]

1. d4 d5 2. c4 c6 3. Nf3 Nf6 4. Nc3 e6 5. e3 Nbd7 6. Bd3 Bb4 7. O-O O-O 8. Bd2 Re8 9. Nxd5 Nxd5 10. cxd5 Bd6 11. dxc6 bxc6 12. Qc2 Nf6 13. e4 e5 14. dxe5 Bxe5 15. Nxe5 Rxe5 16. Bf4 Re8 17. Rfd1 Nh5 18. Be2 Qh4 19. g3 Qh3 20. Qxc6 Bg4 21. Bf1 Nxf4 22. Bxh3 Nxh3+ 23. Kg2 Bxd1 24. Rxd1 Ng5 25. Rd4 Ne6 26. Rd2 h6 27. b4 Rac8 28. Qa4 Rc7 29. Qxe8+ Kh7 30. Rd7 Rxd7 31. Qxd7 Kg6 32. f4 Kf6 33. Qxa7 g6 34. b5 1-0

[Event "AIIZIUCWT 2024"]
[Site "Rajkot"]
[Date "2024.01.23"]
[Round "1.3"]
[White "Sakshi Naik Gaonkar"]
[Black "Arpita, Mukherjee"]
[Result "0-1"]
[ECO "B13"]
[WhiteElo "1393"]
[BlackElo "2186"]
[Annotator "RC"]
[PlyCount "62"]
[EventDate "2024.01.22"]
[EventType "team-tourn"]
[EventCountry "IND"]
[SourceTitle "playchess.com"]
[Source "ChessBase"]
[SourceQuality "1"]
[TimeControl "3600+30"]

1. d4 Nf6 2. e3 c5 3. Bd3 d5 4. f4 Nc6 5. c3 cxd4 6. exd4 g6 7. Be3 Bg7 8. Nf3 O-O 9. Qc2 a6 10. O-O b5 11. Ne5 Qb6 12. a3 Nxe5 13. fxe5 Ng4 14. Bf2 f6 15. exf6 Rxf6 16. h3 Nxf2 17. Rxf2 Bd7 18. Rxf6 Bxf6 19. Kh1 Rc8 20. Qe2 a5 21. Nd2 b4 22. axb4 axb4 23. Ra6 Qb8 24. Nb1 Qf4 25. Qf3 Qg5 26. Kh2 Rf8 27. Qe2 e5 28. dxe5 Bxe5+ 29. Kh1 Qc1+ 30. Qf1 Rxf1+ 31. Bxf1 Qxf1# 0-1

[Event "AIIZIUCWT 2024"]
[Site "Rajkot"]
[Date "2024.01.23"]
[Round "1.4"]
[White "Diya Chowdhury"]
[Black "Aakanksha Hagawane"]
[Result "0-1"]
[ECO "C77"]
[WhiteElo "1881"]
[BlackElo "2149"]
[Annotator "RC"]
[PlyCount "82"]
[EventDate "2024.01.22"]
[EventType "team-tourn"]
[EventCountry "IND"]
[SourceTitle "playchess.com"]
[Source "ChessBase"]
[SourceQuality "1"]
[TimeControl "3600+30"]

1. e4 e5 2. Nf3 Nc6 3. Bb5 a6 4. Ba4 Nf6 5. Qe2 b5 6. Bb3 Bc5 7. c3 O-O 8. d3 h6 9. Be3 Bxe3 10. fxe3 d5 11. exd5 Nxd5 12. O-O Bg4 13. Nbd2 Kh8 14. h3 Bh5 15. Ne4 Re8 16. Ng3 Bg6 17. Nh4 Na5 18. Nxg6+ fxg6 19. Bc2 Qg5 20. Rf3 Nf6 21. Qf2 Rad8 22. a4 e4 23. dxe4 Nc4 24. Nf1 Nxb2 25. axb5 axb5 26. e5 Rxe5 27. Rg3 Qh4 28. Bxg6 Nc4 29. Ra7 Re7 30. Qf3 Ne5 31. Qf5 Nxg6 32. Rxg6 Qe4 33. Qxe4 Nxe4 34. Rc6 Rdd7 35. c4 Rd1 36. Ra8+ Kh7 37. Rf8 b4 38. Kh2 b3 39. Rb8 Rxf1 40. Rxb3 Rd7 41. Re6 Nc5 0-1

[Event "AIIZIUCWT 2024"]
[Site "Rajkot"]
[Date "2024.01.23"]
[Round "1.5"]
[White "Krithigga K"]
[Black "Virle Kimaya"]
[Result "1-0"]
[ECO "A11"]
[WhiteElo "1966"]
[BlackElo "1289"]
[Annotator "NA RC"]
[PlyCount "115"]
[EventDate "2024.01.22"]
[EventType "team-tourn"]
[EventCountry "IND"]
[SourceTitle "playchess.com"]
[Source "ChessBase"]
[SourceQuality "1"]
[TimeControl "3600+30"]

1. c4 c6 2. g3 d5 3. Bg2 Nf6 4. Nf3 h6 5. Qc2 e6 6. O-O {[%emt 0:03:59] A11: English Opening: 1...c6.} Bd6 7. d3 O-O 8. Nbd2 e5 9. e4 dxe4 10. dxe4 Qe7 11. Rd1 Bg4 12. Nf1 Bc5 13. a3 a5 14. b3 Bd4 15. Rb1 Na6 16. Re1 Bxf3 17. Bxf3 Rad8 18. Ne3 g6 19. Qe2 Kh7 20. Nc2 Bc5 21. Bd2 Bxa3 22. Bxa5 Rb8 23. Nxa3 Qxa3 24. Bc3 Qe7 25. b4 Nc7 (25... Ra8 $14) 26. Qe3 Rfd8 27. Ra1 ({Better is} 27. Red1 $16) 27... Qe6 ({Black should play} 27... Nd7 $1 $14) 28. Be2 Nce8 29. Ra5 Nd7 30. Bd2 g5 31. Kg2 Nd6 {[%emt 0:01:02] [#]} 32. Rc1 ({Better is} 32. h4 $1) 32... Rh8 (32... b5 $16 {keeps fighting.}) 33. h3 Nf6 (33... Qg6 $16 34. f3 b6) 34. f3 Kg7 (34... Rhg8 $16 {was called for.} 35. c5 Nb5) 35. Bc3 ({Better is} 35. c5 $18 Nb5 36. Bc4 (36. Bxb5 cxb5 37. Rxb5 Ra8 $18)) 35... Nd7 (35... b5 $16 {was called for.}) 36. f4 ({Better is} 36. c5 $18 b6 37. cxb6) 36... f6 (36... gxf4 $16 {was worth a try.} 37. gxf4 Kh7) 37. Bg4 Qf7 $2 (37... Qe7 38. Qd3 exf4) 38. Qd3 $2 (38. fxe5 Nxe5 39. Rxe5 fxe5 40. Bxe5+ Kg8 41. Qd4) 38... Nxc4 (38... Rhd8 $16) 39. Qxd7 Qxd7 40. Bxd7 Nxa5 41. bxa5 Rhd8 42. Bf5 exf4 43. gxf4 $18 Ra8 44. fxg5 hxg5 45. Rb1 Ra7 46. Kf2 Rd3 47. Rc1 Rd8 48. Ke3 Raa8 49. Rb1 Rab8 50. Bd4 Rd6 51. Bc5 Rdd8 52. Ba7 Ra8 53. Rxb7+ Kh8 54. Bd4 Rd6 55. Bb6 Kg8 56. Bg4 Ra6 57. Rb8+ Kg7 58. Be2 1-0

[Event "AIIZIUCWT 2024"]
[Site "Rajkot"]
[Date "2024.01.23"]
[Round "1.6"]
[White "Kunnekar Vanshri"]
[Black "Sunyuktha C M N"]
[Result "0-1"]
[ECO "D58"]
[WhiteElo "1282"]
[BlackElo "2013"]
[Annotator "NA RC"]
[PlyCount "92"]
[EventDate "2024.01.22"]
[EventType "team-tourn"]
[EventCountry "IND"]
[SourceTitle "playchess.com"]
[Source "ChessBase"]
[SourceQuality "1"]
[TimeControl "3600+30"]

1. d4 d5 2. c4 e6 3. Nc3 Nf6 4. Bg5 Be7 5. e3 O-O 6. Nf3 h6 7. Bh4 b6 8. Rc1 Bb7 9. Bd3 Nbd7 10. O-O a6 {[%emt 0:10:12] D58: Queen's Gambit Declined: Tartakower Defence.} 11. Re1 dxc4 12. Bxc4 c5 13. Bd3 cxd4 14. exd4 b5 15. Ne5 Rc8 16. Bb1 Re8 17. a3 Nf8 18. Qd3 Nd5 19. Bxe7 Qxe7 20. Ne4 Rxc1 21. Rxc1 f5 22. Nc5 Nf4 23. Qe3 {[%emt 0:02:14] [#]} Qg5 $1 24. g3 {[%emt 0:02:06] [#]} Ne2+ $1 25. Kf1 Nxc1 26. Qxg5 hxg5 27. Nxb7 Nb3 28. Nc5 Nd2+ 29. Ke2 Nxb1 30. Kd3 Rd8 31. Nb3 Nd7 32. Nc6 Re8 33. Nb4 e5 34. Kc2 {[%emt 0:02:07] [#]} exd4 $1 35. Kxb1 Re1+ 36. Ka2 Rd1 37. Nc6 d3 38. Ne7+ Kh7 39. Nxf5 Rf1 40. Ne3 Rxf2 41. h4 Rf3 42. Nd1 Rxg3 43. hxg5 Rxg5 44. Nf2 Ne5 $19 45. Ne4 Rg2 46. Kb1 Nc4 0-1

[Event "AIIZIUCWT 2024"]
[Site "Rajkot"]
[Date "2024.01.23"]
[Round "1.7"]
[White "Swapna C N"]
[Black "Rane Parnavi"]
[Result "0-1"]
[ECO "A48"]
[WhiteElo "1718"]
[BlackElo "1289"]
[Annotator "NA RC COMBH"]
[PlyCount "58"]
[EventDate "2024.01.22"]
[EventType "team-tourn"]
[EventCountry "IND"]
[SourceTitle "playchess.com"]
[Source "ChessBase"]
[SourceQuality "1"]
[TimeControl "3600+30"]

1. d4 Nf6 2. Nf3 g6 3. Bg5 Bg7 4. Nbd2 O-O 5. c3 d6 6. e4 c5 7. dxc5 dxc5 8. Be2 Qc7 9. O-O h6 10. Bh4 Nc6 11. Qc2 Be6 12. h3 Nh5 13. Ne1 Nf4 14. Nc4 b5 15. Ne3 b4 16. Bb5 bxc3 17. bxc3 a6 18. Bxc6 Qxc6 19. Bxe7 Rfe8 20. Bh4 Bxc3 21. Rc1 Rab8 22. Kh1 Bd4 23. Nf3 Qd7 24. Rb1 Bxh3 25. Bg3 Bxe3 26. fxe3 Bxg2+ 27. Kg1 Bxf1 28. Rxf1 Qg4 29. Kf2 Rb2 0-1

[Event "AIIZIUCWT 2024"]
[Site "Rajkot"]
[Date "2024.01.23"]
[Round "1.8"]
[White "David Avril R"]
[Black "Poorna Sri M.K"]
[Result "0-1"]
[ECO "E97"]
[WhiteElo "1348"]
[BlackElo "1812"]
[Annotator "NA RC COMBH"]
[PlyCount "62"]
[EventDate "2024.01.22"]
[EventType "team-tourn"]
[EventCountry "IND"]
[SourceTitle "playchess.com"]
[Source "ChessBase"]
[SourceQuality "1"]
[TimeControl "3600+30"]

1. d4 Nf6 2. c4 g6 3. Nc3 Bg7 4. e4 d6 5. Nf3 O-O 6. Be2 e5 7. O-O Nc6 8. d5 Ne7 9. b4 Ne8 10. c5 f5 11. Nd2 f4 12. f3 g5 13. Nc4 h5 14. a4 Rf6 15. Ba3 Rg6 16. b5 g4 17. b6 axb6 18. cxb6 g3 19. h3 c5 20. dxc6 Nxc6 21. Nb5 Qh4 22. Ncxd6 Nxd6 23. Bxd6 Bxh3 24. Bc4+ Kh8 25. Qc2 Be6 26. Rfc1 Qh2+ 27. Kf1 Qh1+ 28. Ke2 Qxg2+ 29. Kd1 Qg1+ 30. Kd2 Qe3+ 31. Kd1 g2 0-1

[Event "AIIZIUCWT 2024"]
[Site "Rajkot"]
[Date "2024.01.24"]
[Round "3.1"]
[White "Arushi Kotwal"]
[Black "Ghosh Samriddhaa"]
[Result "0-1"]
[ECO "A06"]
[WhiteElo "1639"]
[BlackElo "1872"]
[Annotator "NA RC"]
[PlyCount "100"]
[EventDate "2024.01.22"]
[EventType "team-tourn"]
[EventCountry "IND"]
[SourceTitle "playchess.com"]
[Source "ChessBase"]
[SourceQuality "1"]
[TimeControl "3600+30"]

1. Nf3 d5 2. b3 Nf6 3. e3 c5 4. Bb2 Nc6 5. Bb5 e6 6. O-O a6 {[%emt 0:02:45] A06: Réti Opening: 1 Nf3 d5.} 7. Bxc6+ bxc6 8. c4 Bd6 9. Qc2 Qc7 10. d4 cxd4 11. exd4 dxc4 12. Qxc4 Bb7 13. Nbd2 O-O 14. Rac1 a5 15. Rfe1 Bf4 16. Red1 Nd5 17. Ne5 Rfc8 18. Qe2 f6 19. Nef3 Re8 20. a3 Ba6 21. Qe4 Rad8 (21... a4 $15 {verdient Beachtung.}) 22. Rc2 f5 23. Qe1 Bd3 24. Rc5 (24. Rcc1 $1 $11 {keeps the balance.}) 24... Bd6 25. Rcc1 Nf4 26. Ra1 Be2 27. Rdb1 (27. g3 $17 Bxd1 28. Qxd1) 27... Bd3 $2 (27... Qf7 $19 28. Rc1 Qb7) 28. Rd1 $1 {[%emt 0:00:24] [#]} Bc2 (28... Qb7 $1 $19 29. g3 Ne2+ 30. Kg2 Qb5) 29. Rdc1 $1 Nd3 30. Qe2 Nxc1 31. Rxc1 {[%emt 0:00:11] [#]} Be4 $1 32. Nxe4 fxe4 33. Qxe4 Rc8 34. Ng5 g6 35. Re1 Bxh2+ 36. Kh1 Qf4 (36... Bf4 $5 37. Nxe6 Qd7 38. Qxf4 Rxe6 39. Rxe6 Qxe6 $15) 37. Nxe6 $2 (37. Bc1 $1 $11 Qxe4 38. Nxe4) 37... Qxe4 38. Rxe4 Bd6 39. Ng5 h6 40. Rxe8+ Rxe8 41. Nf3 Re2 42. Bc3 Rxf2 (42... Bxa3 43. Bxa5 Rxf2 44. Kg1) 43. Kg1 Ra2 44. a4 Bg3 45. Kf1 Rf2+ 46. Kg1 Rc2 47. Bd2 g5 48. Be1 Rc1 49. Kf1 g4 50. Ke2 gxf3+ 0-1

[Event "AIIZIUCWT 2024"]
[Site "Rajkot"]
[Date "2024.01.24"]
[Round "3.2"]
[White "Chitlange Sakshi"]
[Black "Anjitha Krishnakumar"]
[Result "1-0"]
[ECO "E01"]
[WhiteElo "2210"]
[BlackElo "1447"]
[Annotator "TA"]
[PlyCount "42"]
[EventDate "2024.01.22"]
[EventType "team-tourn"]
[EventCountry "IND"]
[SourceTitle "playchess.com"]
[Source "ChessBase"]
[SourceQuality "1"]
[TimeControl "3600+30"]

1. d4 d5 2. c4 e6 3. Nf3 Nf6 4. g3 c6 5. Qc2 Bd6 6. Bg2 Nbd7 7. O-O O-O 8. Nbd2 h6 9. e4 dxe4 10. Nxe4 Nxe4 11. Qxe4 Nf6 12. Qe2 c5 13. Rd1 Qb6 {[%emt 0:03:49] White is slightly better.} 14. Be3 Bd7 15. Rab1 {[%emt 0:04:13][%cal Ob2b4] Black must now prevent b4!} a5 16. Ne5 {[%emt 0:04:02] [#] aiming for dxc5.} Bc6 17. Nxc6 bxc6 18. Qf3 Rac8 19. Rd3 Kh7 {[%emt 0:20:49] White is better.} 20. b3 Rfe8 21. Rbd1 Ng8 $2 {[%emt 0:01:39][%mdl 8192] Weighted Error Value: White=0.04 (flawless) /Black=0.12 (very precise) .  Loses game:     	---       	Black=1      Inaccurate:     	White=1     	Black=2      OK:         	White=4     	Black=2      Best:        	---       	Black=1} (21... Be7 $16 22. R3d2 Qb4) 1-0

[Event "AIIZIUCWT 2024"]
[Site "Rajkot"]
[Date "2024.01.24"]
[Round "3.3"]
[White "Salonika, Saina"]
[Black "Arpita, Mukherjee"]
[Result "1/2-1/2"]
[ECO "B56"]
[WhiteElo "2113"]
[BlackElo "2186"]
[Annotator "TA"]
[PlyCount "47"]
[EventDate "2024.01.22"]
[EventType "team-tourn"]
[EventCountry "IND"]
[SourceTitle "playchess.com"]
[Source "ChessBase"]
[SourceQuality "1"]
[TimeControl "3600+30"]

1. e4 c5 2. Nf3 d6 3. d4 cxd4 4. Nxd4 Nf6 5. Nc3 Nc6 6. Nb3 g6 7. f3 Bg7 8. Be3 a6 {[%emt 0:00:20] The position is equal.} 9. Qd2 b5 10. Bh6 O-O 11. Bxg7 Kxg7 12. a4 (12. O-O-O $14) 12... Be6 $11 13. Nd4 Nxd4 14. Qxd4 Qc7 (14... b4 $5 15. Nd5 (15. Qxb4 Rb8 $11) 15... Bxd5 16. exd5 Qc7 $11) 15. Bd3 {[%emt 0:03:46] [#]} b4 $1 16. Ne2 (16. Qxb4 Rfb8) 16... a5 17. g4 {[%emt 0:03:05] Threatens to win with g5.} Qa7 18. h3 (18. Bb5 {is more complex.} Rfc8 19. O-O-O Qc7 20. Rd2) 18... Qxd4 19. Nxd4 Rfc8 20. f4 Bc4 21. Kd2 Rc5 22. f5 Nd7 23. Nf3 (23. b3 $15 Bxd3 24. cxd3) 23... Rac8 $17 {[%emt 0:00:22] ...Bxd3 would now be deadly.} 24. Rhc1 {[%emt 0:00:26] Weighted Error Value: White=0.19 (very precise) /Black=0.12 (very precise) .  Mistake:       	White=2     	---        Inaccurate:     	White=3     	Black=3      OK:         	White=4     	Black=7} 1/2-1/2

[Event "AIIZIUCWT 2024"]
[Site "Rajkot"]
[Date "2024.01.24"]
[Round "3.4"]
[White "Chandreyee, Hajra"]
[Black "Tanishka Kotia"]
[Result "1/2-1/2"]
[ECO "B01"]
[WhiteElo "1854"]
[BlackElo "1787"]
[Annotator "NA COMBH RC"]
[PlyCount "81"]
[EventDate "2024.01.22"]
[EventType "team-tourn"]
[EventCountry "IND"]
[SourceTitle "playchess.com"]
[Source "ChessBase"]
[SourceQuality "1"]
[TimeControl "3600+30"]

1. e4 d5 2. exd5 Nf6 3. Bb5+ Bd7 4. Be2 Nxd5 5. d4 e6 6. c4 {[%emt 0:01:09] B01: Scandinavian Defence.} Bb4+ 7. Bd2 Bxd2+ 8. Qxd2 Nb6 9. Nf3 Bc6 10. b3 O-O 11. O-O Qf6 12. Nc3 Rd8 13. Qe3 Bxf3 14. Bxf3 Nc6 15. Bxc6 bxc6 16. Rad1 a5 17. a4 Rab8 18. Ne4 Qg6 19. f4 Nd7 20. Rf3 Nf6 21. Nc5 Nd7 22. Rg3 Qc2 23. Rc1 Qb2 24. Nxd7 Rxd7 25. Rd1 g6 26. h4 Rbd8 27. Rd2 Qa1+ 28. Kh2 h5 29. Qe5 Rxd4 {[%emt 0:00:02] [#]} (29... Qb1 $1 $11) 30. c5 (30. Qf6 $1 $16 R8d6 31. Rdd3) 30... R8d5 31. Qf6 e5 32. f5 Rf4 $2 {[%emt 0:02:26] [#]} ({Und nicht} 32... Rxd2 33. fxg6) (32... Qf1 $11 {und Schwarz ist OK.} 33. Rxg6+ fxg6 34. Rxd4 Rxd4 (34... Qxf5 35. Qxf5 gxf5 36. Rxd5 $11) 35. Qxg6+ Kf8 36. Qf6+ Kg8 37. Qe6+ Kf8 38. Qf6+ Kg8 $11 39. Qg6+ Kf8 40. Qh6+ Kf7 41. Qe6+ Kf8 42. Qf6+) 33. Rxd5 $1 ({Worse is} 33. Rxg6+ fxg6 34. Qxg6+ Kf8 35. Qf6+ Kg8 $11) 33... cxd5 34. Qd8+ Kg7 35. fxg6 fxg6 36. Qe7+ $2 (36. Qxc7+ $18 Rf7 37. Qd6 (37. Qxa5 Rf1 $11)) 36... Rf7 37. Qe6 Rf6 38. Qe7+ Rf7 39. Qe6 Rf6 40. Qe7+ Rf7 $11 {[%emt 0:00:02] Check Result:0.00} 41. Qe6 1/2-1/2

[Event "AIIZIUCWT 2024"]
[Site "Rajkot"]
[Date "2024.01.24"]
[Round "3.5"]
[White "Krithigga K"]
[Black "Shet Pranita P"]
[Result "1-0"]
[ECO "A13"]
[WhiteElo "1966"]
[BlackElo "1333"]
[Annotator "TA"]
[PlyCount "59"]
[EventDate "2024.01.22"]
[EventType "team-tourn"]
[EventCountry "IND"]
[SourceTitle "playchess.com"]
[Source "ChessBase"]
[SourceQuality "1"]
[TimeControl "3600+30"]

1. c4 Nf6 2. g3 e6 3. Bg2 d5 4. Nf3 Nbd7 5. O-O c5 (5... dxc4 $11 {should be considered.} 6. Qc2 c5) 6. cxd5 $14 exd5 7. d4 b6 8. Nc3 {[%emt 0:00:38][%cal Oe2e4] Black must now prevent e4! White is slightly better.} Bb7 9. Bg5 h6 10. Bxf6 Nxf6 11. Ne5 {[%emt 0:00:49] [#] aiming for Qa4+.} (11. Qa4+ {simplifies} Qd7 12. Qxd7+ Nxd7 13. Rfd1) 11... Qd6 $2 ({Black should try} 11... Bd6 $14) 12. Qa4+ $18 Nd7 13. Bh3 Bc8 14. Nb5 {[%emt 0:08:53] Excellent horsemanship.} Qb8 15. Nxd7 Bxd7 16. Bxd7+ Kxd7 17. dxc5 (17. Nxa7+ Kd8 18. Nc6+ Kc7 $19) 17... bxc5 $2 (17... Bxc5 18. Rad1 (18. Nxa7+ Ke7 $14) 18... Ke7 19. Rxd5 Kf8) 18. Rfd1 (18. Nxa7+ Ke7 19. Nc6+ Kf6 $16) 18... Ke6 19. Qa6+ Bd6 20. Qc6 (20. Rxd5 Kxd5 21. Rd1+ Ke6 22. Nxd6 (22. Rxd6+ Ke7 $18)) 20... d4 21. e3 a6 $2 (21... Rc8 22. Qe4+ Kd7) 22. exd4 {[%emt 0:03:52] White is clearly winning.} Qxb5 23. Re1+ Kf5 24. Qxd6 {[%emt 0:00:31] [#] Threatening mate with Re5+.} cxd4 25. Rac1 {[%emt 0:00:42] Rc7 would kill now.} Rac8 26. Qf4+ Kg6 27. Rxc8 ({Not} 27. Qxd4 Rhe8 28. Rcd1 Rxe1+ 29. Rxe1 Kh7 $16) 27... Rxc8 28. Qg4+ (28. Qxd4 Kh7 29. b3 h5 $14) 28... Kh7 29. Qxc8 d3 30. Qc1 {[%emt 0:00:17] Black got outplayed after the opening.   Weighted Error Value: White=0.55/Black=1.58.  Loses game:     	---       	Black=1      Mistake:       	---       	Black=2      Inaccurate:     	White=2     	Black=2      OK:         	White=4     	Black=4      Best:        	White=1     	Black=2} 1-0

[Event "AIIZIUCWT 2024"]
[Site "Rajkot"]
[Date "2024.01.24"]
[Round "3.6"]
[White "Ananya, Suresh"]
[Black "Sunyuktha C M N"]
[Result "1-0"]
[ECO "B23"]
[WhiteElo "1916"]
[BlackElo "2013"]
[Annotator "RC"]
[PlyCount "63"]
[EventDate "2024.01.22"]
[EventType "team-tourn"]
[EventCountry "IND"]
[SourceTitle "playchess.com"]
[Source "ChessBase"]
[SourceQuality "1"]
[TimeControl "3600+30"]

1. e4 c5 2. Nc3 a6 3. g3 b5 4. Bg2 Bb7 5. d3 d6 6. Nh3 g6 7. O-O Bg7 8. f4 Nc6 9. g4 b4 10. Nd5 Nf6 11. Ne3 Nd7 12. Qe1 a5 13. a4 Nd4 14. Qd1 Nb6 15. c3 Nc6 16. Bd2 Rc8 17. Qe2 Nb8 18. f5 O-O 19. g5 d5 20. Ng4 dxe4 21. f6 exd3 22. Qf2 Bxg2 23. Qxg2 Nc4 24. fxg7 Kxg7 25. Bf4 Nc6 26. b3 Nd6 27. Rad1 Nf5 28. Qe4 Qb6 29. c4 Rfd8 30. Ne3 Ncd4 31. Be5+ f6 32. Bxd4 1-0

[Event "AIIZIUCWT 2024"]
[Site "Rajkot"]
[Date "2024.01.24"]
[Round "3.7"]
[White "Poorna Sri M.K"]
[Black "Swathi Bhat"]
[Result "1-0"]
[ECO "B08"]
[WhiteElo "1812"]
[BlackElo "1387"]
[Annotator "NA RC"]
[PlyCount "67"]
[EventDate "2024.01.22"]
[EventType "team-tourn"]
[EventCountry "IND"]
[SourceTitle "playchess.com"]
[Source "ChessBase"]
[SourceQuality "1"]
[TimeControl "3600+30"]

1. e4 d6 2. d4 g6 3. Nf3 Nf6 4. Nc3 Bg7 5. Be2 O-O 6. O-O e5 {[%emt 0:05:10] 6...Nc6 is a critical line.} 7. Bg5 {[%emt 0:04:33] B08: Pirc Defence: Classical System.} Nbd7 8. Qd2 c6 9. Rad1 Qc7 10. h3 Kh8 $146 ({Predecessor:} 10... Re8 11. d5 c5 12. Qe3 a6 13. a3 b5 14. Na2 Bb7 15. Nd2 c4 16. b3 cxb3 17. cxb3 {1-0 Corona Del Prado,D (1891)-Fuentes De Feria,H (1845) CUB Cup Ventana Sur 2018 (6.2)}) 11. a4 Ng8 12. dxe5 dxe5 13. Bc4 h6 14. Be3 Kh7 15. Kh1 Ne7 16. Ne1 f5 17. f4 Qa5 18. Qd6 Bf6 $2 (18... Qd8 $16 {war einen Versuch wert.}) 19. Be6 exf4 {[%emt 0:05:33] [#]} 20. Bxf4 ({But not} 20. Rxf4 $6 Ne5 $16) ({Don't do} 20. Qxf4 $6 g5 21. Qd6 (21. Bxf5+ Qxf5 22. Qxf5+ Nxf5 $14) 21... Ne5 $16) (20. Bd4 $1 $18 {[%cal Rd4f6] and the rest is easy.} Ne5 21. Nf3) 20... Nb6 $2 (20... Nc5 $16) 21. e5 Bxe6 22. exf6 ({Don't play} 22. Qxe6 Rae8 $18) 22... Ned5 23. Qxe6 Rxf6 24. Qe5 ({Finger weg von} 24. Rxd5 Nxd5 25. Qd7+ Kg8 26. Qxb7 (26. Bxh6 Rf7 $18) 26... Re8) 24... Nc4 $1 $11 {[%emt 0:00:27] und Schwarz steht sicher.} 25. Qd4 (25. Rxd5 Nxe5) 25... Ncb6 26. Qe5 $11 (26. Nxd5 $18 Nxd5 27. c4) 26... Raf8 $2 27. Nxd5 Nxd5 28. c4 Qa6 29. b3 Nxf4 30. Rxf4 Qb6 31. Rd3 (31. Rd7+ $142 R6f7 32. a5 (32. Rxf7+ Rxf7 33. Rd4 Qc7 $18)) 31... Qb4 (31... c5 $142 32. Rf2 R6f7) 32. Rfd4 R6f7 33. Rd7 a6 {[%emt 0:01:03] [#]} 34. R7d5 $4 1-0

[Event "AIIZIUCWT 2024"]
[Site "Rajkot"]
[Date "2024.01.24"]
[Round "3.8"]
[White "Amulya Shetty"]
[Black "Mohana Praba R B"]
[Result "0-1"]
[ECO "B43"]
[WhiteElo "1337"]
[BlackElo "1478"]
[Annotator "NA RC COMBH"]
[PlyCount "64"]
[EventDate "2024.01.22"]
[EventType "team-tourn"]
[EventCountry "IND"]
[SourceTitle "playchess.com"]
[Source "ChessBase"]
[SourceQuality "1"]
[TimeControl "3600+30"]

1. e4 c5 2. Nf3 e6 3. Nc3 a6 4. d4 cxd4 5. Nxd4 Qc7 6. a3 Nf6 7. Bd3 Be7 8. O-O Nc6 9. Be3 b5 10. Nxc6 dxc6 11. h3 c5 12. f3 Bb7 13. Qc1 c4 14. Be2 Nh5 15. Rd1 Bd6 16. Bf2 Bf4 17. Qb1 O-O 18. Rd4 Rfd8 19. Rd1 Be5 20. Na2 Nf4 21. Re1 Rd2 22. Kf1 Rad8 23. Nc1 R2d7 24. Ra2 Ng6 25. Be3 Bg3 26. Bf2 Bxf2 27. Kxf2 Qc5+ 28. Kf1 Nf4 29. b3 Qg5 30. g4 cxb3 31. Qxb3 Qh4 32. Kg1 Qg3+ 0-1

[Event "AIIZIUCWT 2024"]
[Site "Rajkot"]
[Date "2024.01.24"]
[Round "4.1"]
[White "Ghosh Samriddhaa"]
[Black "Krithigga K"]
[Result "1/2-1/2"]
[ECO "B14"]
[WhiteElo "1872"]
[BlackElo "1966"]
[Annotator "RC"]
[PlyCount "93"]
[EventDate "2024.01.22"]
[EventType "team-tourn"]
[EventCountry "IND"]
[SourceTitle "playchess.com"]
[Source "ChessBase"]
[SourceQuality "1"]
[TimeControl "3600+30"]

1. e4 c6 2. d4 d5 3. exd5 cxd5 4. c4 Nf6 5. Nc3 Nc6 6. Bg5 e6 7. Nf3 Be7 8. Bd3 O-O 9. O-O h6 10. Bh4 b6 11. Rc1 Bb7 12. a3 dxc4 13. Bxc4 Nd5 14. Bg3 Na5 15. Ba2 Bf6 16. Nxd5 Bxd5 17. Bc7 Qd7 18. Ne5 Bxe5 19. dxe5 Rfc8 20. Bxd5 exd5 21. Bd6 Qb5 22. Qg4 Nc4 23. Be7 Kh8 24. f4 Re8 25. Qh4 Ne3 26. Bf6 Kh7 27. Bxg7 Re6 28. f5 Qxb2 29. Qh3 Rg8 30. f6 Qxg2+ 31. Qxg2 Nxg2 32. Kxg2 Rxe5 33. Rc7 Kg6 34. Rf3 Rd8 35. Rg3+ Rg5 36. Rxa7 d4 37. Kf2 d3 38. Ke1 d2+ 39. Kd1 Rxg3 40. hxg3 Rd3 41. g4 Rd4 42. Ra6 Rxg4 43. Kxd2 Rg3 44. a4 Rg4 45. Rxb6 Rxa4 46. Rb3 Rg4 47. Rh3 1/2-1/2